 Dungeon Crawl Stone Soup version 0.28.0 (webtiles) character file.

Game seed: 3670924539463332249

74 Hasart the Insei (level 4, -1/29 HPs)
             Began as an Octopode Transmuter on Feb 15, 2022.
             Slain by an orc wizard (3 damage)
             ... on level 3 of the Dungeon.
             The game lasted 00:03:49 (2026 turns).

Hasart the Insei (Octopode Transmuter)              Turns: 2026, Time: 00:03:50

Health: -1/29      AC:  1    Str:  9    XL:     4   Next: 28%
Magic:  6/7        EV: 13    Int: 17    God:
Gold:   155        SH:  0    Dex: 12    Spells: 1/7 levels left

rFire   . . .      SeeInvis .     - Unarmed
rCold   . . .      Faith    .   (no shield)
rNeg    . . .      Spirit   .   (helmet restricted)
rPois   .          Reflect  .   (no amulet)
rElec   .          Harm     .   (no ring)
rCorr   .          Rampage  .   (no ring)
Will    .....                   (no ring)
Stlth   ++........              (no ring)
HPRegen 0.09/turn               (no ring)
MPRegen 0.10/turn               (no ring)
                                (no ring)
                                (no ring)

@: wereblooded
A: almost no armour, amphibious, 8 rings, camouflage 1, gelatinous body 1,
(nimble swimmer 1), tentacles
a: no special abilities


You were on level 3 of the Dungeon.
You visited 1 branch of the dungeon, and saw 3 of its levels.

You collected 155 gold pieces.

Inventory:

Scrolls
 a - 2 scrolls of fear {unknown}
 b - a scroll of enchant armour {unknown}
 d - a scroll of summoning {unknown}
 e - a scroll of teleportation {unknown}
 f - a scroll of magic mapping {unknown}
Potions
 c - a potion of heal wounds {unknown}
 g - a potion of degeneration {unknown}


   Skills:
 + Level 1.7 Fighting
 + Level 2.3 Dodging
 * Level 3.7 Unarmed Combat
 + Level 2.3 Spellcasting
 + Level 2.5 Transmutations
 + Level 0.8 Poison Magic


You had one spell level left.
You knew the following spells:

 Your Spells              Type           Power      Damage    Failure   Level
a - Beastly Appendage     Tmut           20%        N/A       7%          1
b - Wereblood             Tmut           10%        N/A       10%         2
c - Spider Form           Tmut/Pois      7%         N/A       28%         3

Your spell library contained the following spells:

 Spells                   Type           Power      Damage    Failure   Level
 Slow                     Hex            4%         N/A       19%         1
 Confusing Touch          Hex            1%         N/A       50%         3
 Gell's Gravitas          Tloc           1%         N/A       50%         3
 Teleport Other           Tloc           1%         N/A       50%         3
 Vampiric Draining        Necr           1%         2d6       50%         3
 Ice Form                 Ice/Tmut       6%         N/A       73%         4
 Dispersal                Tloc           0%         N/A       100%        6


Dungeon Overview and Level Annotations

Branches:
Dungeon (3/15)

Altars:
Makhleb

Shops:
D:2 =


Innate Abilities, Weirdness & Mutations

You cannot wear most types of armour.
You are amphibious.
You can wear up to eight rings at the same time.
Your skin changes colour to match your surroundings (Stealth+).
Your rubbery body absorbs attacks. (AC +1, EV +1)
((You are camouflaged when in or above water. (Stealth+)))
You have tentacles for arms and can constrict up to eight enemies at once.


Message History

a +0 whip; an orc corpse An orc wizard comes into view.
It is wielding a +0 dagger.
You howl as the wereblood boils in your veins!
The orc wizard shouts!
The orc hits you with a +0 hand axe.
The orc wizard mumbles some strange words.
The orc wizard flickers and vanishes!
Deactivating autopickup; reactivate with Ctrl-A.
You tentacle-slap the orc. You grab the orc. Your squeeze misses the orc.
The orc is lightly wounded.
You constrict the orc. The orc hits you with a +0 hand axe!
You bludgeon the orc!
You feel a bit better.
You kill the orc!
Unknown command.
You tentacle-slap the orc. You grab the orc.
You pierce the orc.
You feel a bit better.
You kill the orc!
You howl as the wereblood boils in your veins!
Your tentacle spike disappears.
Things that are here:
a +0 flail of protection; a +0 hand axe; an orc corpse Something hits you.
You closely miss something.
You howl as the wereblood boils in your veins!
Something hits you.
You closely miss something. Something hits you.
You closely miss something. Your squeeze misses something.
You hear some strange, mumbled words.
A magic dart appears from out of thin air!
The magic dart hits you!
* * * LOW HITPOINT WARNING * * *
You miss something.
You hear some strange, mumbled words.
A puff of flame appears from out of thin air!
The puff of flame misses you.
Unknown command.
You tentacle-slap something. Your squeeze misses something.
Unknown command.
You closely miss something. Something hits you.
You die...

#.# #.# #.# #.# #.# #.#
# #.#
##.#################..
#...{@).).............
#...#.≈#########........
... #.≈≈ ##....... .
##≈.≈ #....... #####
#..)...! #.......
#....... #........
#########


There were no monsters in sight!

Vanquished Creatures
  3 worms
  4 orcs (D:3)
  4 endoplasms
  7 goblins
  5 hobgoblins
  9 jackals
  8 kobolds
  2 quokkas (D:2)
  2 ball pythons
  3 bats (D:1)
  3 frilled lizards (D:1)
  3 rats (D:2)
53 creatures vanquished.

Vanquished Creatures (others)
  3 plants (D:2)
  4 toadstools (D:1)
7 creatures vanquished.

Grand Total: 60 creatures vanquished

Notes
Turn   | Place    | Note
-------+----------+-------------------------------------------
     0 | D:1      | Hasart the Octopode Transmuter began the quest for the Orb.
     0 | D:1      | Reached XP level 1. HP: 13/13 MP: 3/3
    69 | D:1      | Reached XP level 2. HP: 7/18 MP: 3/5
   241 | D:1      | Learned a level 2 spell: Wereblood
   801 | D:1      | Reached XP level 3. HP: 17/23 MP: 2/6
   809 | D:1      | Learned a level 3 spell: Spider Form
  1388 | D:2      | Found a faded altar of an unknown god.
  1639 | D:2      | Found Biaroank's Jewellery Boutique.
  1713 | D:2      | Noticed a phantom
  1808 | D:3      | Reached XP level 4. HP: 28/29 MP: 7/7
  1930 | D:3      | Found a burning altar of Makhleb.
  2026 | D:3      | Slain by an orc wizard

Illustrated notes

Levels and vault maps discovered:
D:1:      lemuel_arrival_lava_pool, layout_basic, serial_bayou_pond_d,
          minmay_gold_behind_fungi, minmay_split_cup_large
D:2:      layout_rooms, serial_shops, nicolae_shop_statue_plus,
          hellmonk_ecumenical_altar_arch_garden, serial_bayou_pond_c,
          minmay_misc_feat_tower, minmay_tree_intersection, minmay_hexomino_u4
D:3:      layout_basic, mainiacjoe_overflow_alcove_2, gup_sewer_entry_pipe,
          minmay_misc_feat_pillars

Action                   |  1- 3 |  4- 6 || total
-------------------------+-------+-------++-------
Melee: Unarmed           |    90 |    26 ||   116
       Constrict         |    22 |     7 ||    29
       Tentacles         |    15 |     6 ||    21
       Kick              |    15 |     4 ||    19
       Punch             |     3 |     1 ||     4
 Cast: Beastly Appendage |     6 |     3 ||     9
       Wereblood         |     3 |     2 ||     5
 Stab: Sleeping          |     5 |       ||     5
       Distracted        |     1 |       ||     1
Armor: Skin              |     9 |     1 ||    10
Dodge: Dodged            |    55 |     8 ||    63
